 Dungeon Crawl Stone Soup version 0.29.0-4-gdea44cf6ec (webtiles) character file.

Game seed: 9630411652142971001

22 qw the Chopper (level 2, -1/17 HPs)
             Began as a Tengu Warper on Aug 28, 2022.
             Succumbed to their own poison gas
             ... on level 1 of the Dungeon.
             The game lasted 00:00:04 (843 turns).

qw the Chopper (Tengu Warper)                        Turns: 843, Time: 00:00:04

Health: -1/17      AC:  3    Str: 11    XL:     2   Next: 91%
Magic:  6/6        EV: 11    Int: 13    God:
Gold:   47         SH:  0    Dex: 13    Spells: 5/5 levels left

rFire   . . .      SeeInvis .   Y - +0 hand axe
rCold   . . .      Faith    .   (no shield)
rNeg    . . .      Spirit   .   b - +0 leather armour
rPois   .          Reflect  .   (helmet restricted)
rElec   .          Harm     .   (no cloak)
rCorr   .          Rampage  .   (no gloves)
Will    .....                   (boots unavailable)
Stlth   +.........              (no amulet)
HPRegen 0.05/turn               (no ring)
MPRegen 0.10/turn               (no ring)

@: lethally poisoned (-1 -> -9)
A: beak, talons 3
a: no special abilities


You were on level 1 of the Dungeon.
You visited 1 branch of the dungeon, and saw 1 of its levels.

You collected 47 gold pieces.


Innate Abilities, Weirdness & Mutations

You have a beak for a mouth.
You have claws for feet.


   Skills:
 - Level 2.0 Fighting
 + Level 3.6 Axes
 - Level 1.0 Throwing
 - Level 1.1 Armour
 - Level 2.1 Dodging
 - Level 2.0 Spellcasting
 - Level 2.4 Translocations


You had 5 spell levels left.
You didn't know any spells.
Your spell library contained the following spells:

 Spells                   Type           Power      Damage    Failure   Level
 Blink                    Tloc           14%        N/A       19%         2
 Gell's Gravitas          Tloc           7%         N/A       36%         3
 Lesser Beckoning         Tloc           7%         N/A       36%         3
 Teleport Other           Tloc           7%         N/A       36%         3
 Manifold Assault         Tloc           7%         N/A       98%         5

Inventory:

Hand Weapons
 Y - a +0 hand axe (weapon)
Armour
 b - a +0 leather armour (worn)
Potions
 d - a potion of haste {unknown}

Dungeon Overview and Level Annotations

Branches:
Dungeon (1/15)

Altars:


Message History

The quokka bites you.
You barely miss the quokka. Your kick misses the quokka.
The quokka is heavily wounded.
The quokka bites you.
You miss the quokka. Your peck misses the quokka.
The quokka is heavily wounded.
The quokka bites you. x2
You slash the quokka!
You kill the quokka!
You start resting.
HP restored.
You see here a quokka corpse.
There is a staircase leading out of the dungeon here.
You see here 4 stones.
Done exploring.
Done exploring.
838 ||| READING scroll labelled CYUTIE XANNOONK.
The air fills with toxic fumes!
As you read the scroll labelled CYUTIE XANNOONK, it crumbles to dust.
It was a scroll of poison.
Done exploring.
839 ||| DROPPING scroll of blinking.
You drop a scroll of blinking.
Done exploring.
(D) Dungeon
Where to? (* - list waypoints, ? - help)
What level of the Dungeon? (default 1, ? - help) Sorry, I don't know how to get there.
Done exploring.
840 ||| Stepping randomly (stuck).
Really walk into that cloud of poison gas?
You are engulfed in poison gas.
You are lethally poisoned!
You feel very sick.
841 ||| Stepping ~*~*~tactically~*~*~ (cloud).
You feel very sick.
You see here a scroll of blinking.
There is a lethal amount of poison in your body!
You feel very sick.
There is a lethal amount of poison in your body!
You die...

###
..######################
.............##¤¤¤¤¤¤¤¤#
..............#¤¤¤¤¤000#
..............#0¤0¤¤¤¤¤#
...(..........#¤¤¤0¤¤0¤#
..............#¤@¤¤¤0¤0#
..............#¤¤¤¤¤¤0¤#
.....#.......¤¤¤0¤¤¤¤¤¤#
...........¤¤¤¤¤¤¤¤¤¤¤¤#
...(##...¤¤¤¤¤¤¤¤¤¤¤¤¤¤#
....##...¤¤¤¤¤¤####¤####
....##...¤¤¤¤¤¤##..¤#
.....##..¤¤¤¤¤¤...###
..................##


There were no monsters in sight!

Vanquished Creatures
  4 ball pythons (D:1)
  3 bats (D:1)
  2 endoplasms (D:1)
  2 giant cockroaches (D:1)
  2 hobgoblins (D:1)
  2 quokkas (D:1)
  2 frilled lizards (D:1)
  A kobold (D:1)
  A rat (D:1)
19 creatures vanquished.

Vanquished Creatures (others)
  A fungus (D:1)
1 creature vanquished.

Grand Total: 20 creatures vanquished

Notes
Turn   | Place    | Note
-------+----------+-------------------------------------------
     0 | D:1      | qw the Tengu Warper began the quest for the Orb.
     0 | D:1      | Reached XP level 1. HP: 12/12 MP: 4/4
     0 | D:1      | 0 ||| qw: Version: 0.1-a-89-g26bdef1
     0 | D:1      | 0 ||| qw: Game counter: 1387
     0 | D:1      | 0 ||| qw: Always use a shield: true
     0 | D:1      | 0 ||| qw: God list: Okawaru
     0 | D:1      | 0 ||| qw: Allow faded altars: false
     0 | D:1      | 0 ||| qw: Do Orc after D:15 true
     0 | D:1      | 0 ||| qw: Do second Lair branch before Depths: true
     0 | D:1      | 0 ||| qw: Lair rune preference: random
     0 | D:1      | 0 ||| qw: Plans: Normal
     0 | D:1      | 0 ||| PLANNING D:1-11
   121 | D:1      | Reached XP level 2. HP: 17/17 MP: 6/6
   123 | D:1      | Reached skill level 3 in Axes
   133 | D:1      | 133 ||| Stepping ~*~*~tactically~*~*~ (stealth).
   415 | D:1      | Found a faded altar of an unknown god.
   838 | D:1      | 838 ||| READING scroll labelled CYUTIE XANNOONK.
   839 | D:1      | 839 ||| DROPPING scroll of blinking.
   840 | D:1      | 840 ||| Stepping randomly (stuck).
   841 | D:1      | 841 ||| Stepping ~*~*~tactically~*~*~ (cloud).
   841 | D:1      | HP: 4/17 [poisoned by you (poison gas)]
   842 | D:1      | HP: 1/17 [poisoned by you (poison gas)]
   843 | D:1      | Succumbed to their own poison gas

Levels and vault maps discovered:
D:1:      dpeg_arrival_solitude, layout_rooms, shapermc_ecumenical_altar_ellora

Skill      XL: |  1  2 |
---------------+-------+-----
Axes           | 3 |  3.6
Fighting       | |  2.0
Throwing       | |  1.0
Armour         | |  1.1
Dodging        | |  2.1
Spellcasting   | |  2.0
Translocations | |  2.4

Action                   || total
-------------------------++-------
Melee: Hand axe          ||    42
       Kick              ||    10
       Peck              ||     7
Throw: Boomerang         ||     7
  Use: Scroll            ||     1
Armor: Leather armour    ||    11
Dodge: Dodged            ||    17

Table legend:
 A = Non-vault XP
 B = Vault XP
 C = Vault XP percentage of total XP
 D = Non-vault monster count
 E = Vault monster count
 F = Vault count percentage of total count
                 A         B        C        D         E       F
            +---------+---------+-------+---------+---------+-------
      Total |      32 |       0 |   0.0 |      19 |       0 |   0.0
            +---------+---------+-------+---------+---------+-------
        D:1 |      32 |       0 |   0.0 |      19 |       0 |   0.0
            +---------+---------+-------+---------+---------+-------
